Duran, chaotic male orcish Priest ------- ##......| # |.....| --------- ### |.....| ------- #-........# # |.....| |.....-#####|.{.....|########### +.....| |.....| # #|.......|# # --.---- |.....-### #|..<....|# # |.....| #---------# ) |.....| ########### ### |.....| # [ ------- ## --@-- |.iI|I |.i.f# |...| ----- Duran the Acolyte Experience level: 5 Strength: 15 Dexterity: 12 Constitution: 16 Intelligence: 9 Wisdom: 16 Charisma: 9 Health: 0(42) Energy: 52(52) Def: 11 Gold: 127 Moves: 2309 Dungeon seed: J71q4GPaFI8gufu1 Game ID: Duran_1520536427 Your Inventory: Coins $ - 127 gold pieces Weapons a - a blessed +1 mace (weapon in hand) Armor e - an uncursed +0 robe (being worn) n - an uncursed +0 orcish shield (being worn) q - an uncursed +0 splint mail (being worn) y - an uncursed +0 pair of iron shoes (being worn) Comestibles c - an uncursed clove of garlic d - an uncursed sprig of wolfsbane i - 2 uncursed food rations j - 2 uncursed tripe rations m - 2 uncursed food rations p - an uncursed tripe ration r - an uncursed food ration Scrolls l - an uncursed scroll of earth t - an uncursed scroll of remove curse w - an uncursed scroll of create monster Potions b - 4 potions of holy water k - an uncursed potion of blindness o - an uncursed potion of water u - 2 uncursed potions of object detection Rings v - an uncursed +5 ring of increase damage (on left hand) Wands A - a cursed wand of digging (0:8) Tools h - an uncursed oil lamp (0:1272) z - an uncursed brass lantern (0:1050) Spells and supernatural/magical abilities: Name Level Category Fail Memory e - charm monster 3 enchantment 100% 100% I - identify 2 divination 100% 97% L - levitation 4 escape 100% 100% O - create monster 2 clerical 98% 97% W - pray for help -- divine ? -- X - turn undead -- divine ? -- Your skills at the end: Fighting Skills wands [Basic] Weapon Skills mace [Skilled] Spellcasting Skills clerical spells [Basic] Final Attributes: You were immune to poison. You had infravision. You had a +5 damage bonus. You were slow. You last prayed 4 turns ago. You are dead. Vanquished creatures: a dwarf lord a raven a fog cloud a gnome lord a straw golem a kitten a rabid rat a giant bat a dwarf zombie 2 coyotes 3 hobbits 2 manes a large kobold a giant rat 3 cave spiders 2 yellow molds a green mold a red mold 3 geckos 6 jackals 2 foxes 11 grid bugs 2 bats 2 lichens 2 kobold zombies 3 newts 56 creatures vanquished. Voluntary challenges: You had been an atheist until turn 2302. You used a wielded weapon 62 times, starting on turn 98. You read items or engraved 31 times, starting on turn 93. You never genocided any monsters. You never polymorphed an object. You never changed form. You used no wishes. You never split a pudding. You wrote Elbereth's name 1 time, starting on turn 2297. You never violated your personal moral code. Dungeon overview: The Dungeons of Doom: levels 1 to 8 Level 1 a fountain a long staircase Level 2 a general store Level 3 a fountain, a vault Level 4 a general store, an altar to Brigit, a fountain Level 5 many fountains Level 6 Level 7 a scroll shop Level 8 <- You were here a fountain History has recorded: On T:1 you entered the Dungeons of Doom to retrieve the Amulet of Yendor! On T:290 you reached level 2 of The Dungeons of Doom. On T:455 you reached level 3 of The Dungeons of Doom. On T:500 you advanced to experience level 2. On T:661 you reached level 4 of The Dungeons of Doom. On T:1023 you advanced to experience level 3. On T:1105 you reached level 5 of The Dungeons of Doom. On T:1319 you advanced to experience level 4. On T:1504 you reached level 6 of The Dungeons of Doom. On T:1794 you reached level 7 of The Dungeons of Doom. On T:1833 you advanced to experience level 5. On T:2195 you reached level 8 of The Dungeons of Doom. Score breakdown: Gold: 127 ( 7168 points) Experience: 5 levels (11141 points) Exploration: 8 levels ( 15.69%) (11224 points) Discoveries: 6 items ( 2.08%) ( 4322 points) Valuables value: (no points given unless you survive) Artifact value: 0 ( 0 points) Variety of kills: 26 monsters ( 6.84%) ( 7847 points) Turncount: 2309 turns ( -213 points) Survival: died (score multiplied by 80%) Total score: 33191 Latest messages: You begin praying to Manannan Mac Lir. You are surrounded by a shimmering light. The magic missile whizzes by you! You feel something move nearby. (2x) You feel that Manannan Mac Lir is well-pleased. You feel much better. The manes misses. The manes hits! The manes misses. The manes hits! (2x) The manes misses. You hear a distant zap. The wand hits you! [4 turns] You hear someone cursing shoplifters. You hear a distant zap. The wand hits you! [2 turns] It hits! (2x) You die... Final status: Goodbye Duran the Priest, killed by an invisible wizard called "TKirby"... You died in The Dungeons of Doom on dungeon level 8 with 33191 points, and 127 pieces of gold, after 2309 moves. You were level 5 with a maximum of 42 hit points when you died.